 Dungeon Crawl Stone Soup version 0.22-a0-525-gf69a080 (webtiles) character file.

144 kae the Insei (level 5, -2/38 HPs)
             Began as a Demonspawn Transmuter on June 20, 2018.
             Slain by a gnoll
             ... wielding a +0 spear
              (7 damage)
             ... on level 4 of the Dungeon.
             The game lasted 00:03:03 (4447 turns).

kae the Insei (Demonspawn Transmuter)               Turns: 4447, Time: 00:03:03

Health: -2/38      AC:  2    Str: 11    XL:     5   Next: 5%
Magic:  4/9        EV: 19    Int: 14    God:
Gold:   36         SH:  0    Dex: 19    Spells: 3/9 levels left

rFire    . . .     SeeInvis .     - Unarmed
rCold    . . .     Gourm    .   (shield currently unavailable)
rNeg     . . .     Faith    .   (armour currently unavailable)
rPois    x         Spirit   .   (helmet currently unavailable)
rElec    .         Reflect  .   (cloak currently unavailable)
rCorr    .         Harm     .   (gloves currently unavailable)
MR       .....                  (boots currently unavailable)
Stlth    ++........             (no amulet)
HPRegen  0.12/turn              (no ring)
MPRegen  0.11/turn              (no ring)

@: spider-form (expiring)
A: tiny, flame cloud immunity
a: End Transformation


You were on level 4 of the Dungeon.
You were not hungry.
You were a venomous arachnid creature.
You visited 1 branch of the dungeon, and saw 4 of its levels.

You collected 56 gold pieces.
You spent 20 gold pieces at shops.

Inventory:

Missiles
 a - 24 arrows
Armour
 b - a +1 robe (melded)
Jewellery
 j - an uncursed ring of poison resistance {unknown}
Wands
 p - a wand of enslavement (13)
Potions
 c - 2 potions of haste
 e - a potion of curing
 g - a potion of berserk rage
 h - a potion of cancellation {unknown}
 i - a potion of brilliance {unknown}
 k - a potion of magic {unknown}
 l - a potion of invisibility {unknown}
 q - a potion of heal wounds {unknown}
Comestibles
 d - 4 rations


   Skills:
 + Level 2.2 Fighting
 - Level 1.7 Dodging
 * Level 3.9 Unarmed Combat
 + Level 2.7 Spellcasting
 + Level 2.6 Transmutations


You had 3 spell levels left.
You knew the following spells:

 Your Spells              Type           Power        Failure   Level  Hunger
a - Beastly Appendage     Tmut           #.....       21%         1    #......
b - Sticks to Snakes      Tmut           #.......     26%         2    ###....
c - Spider Form           Tmut/Pois      #.........   58%         3    ###....

Your spell library contained the following spells:

 Spells                   Type           Power        Failure   Level  Hunger
 Blade Hands              Tmut           #.........   97%         5    ######.
 Ice Form                 Ice/Tmut       #.......     90%         4    #####..


Dungeon Overview and Level Annotations

Branches:
Dungeon (4/15)
 Temple: D:4-7

Altars:
Elyvilon
Nemelex Xobeh
Ru

Shops:
D:4 =


Innate Abilities, Weirdness & Mutations

((Your flesh is heat resistant. (rF+)))
You are immune to clouds of flame.
((When seriously injured, your bleeding wounds create armour. (AC +0)))


Message History

The gnoll hits you from afar with a spear!
* * * LOW HITPOINT WARNING * * *
The gnoll barely misses you.
You hit the gnoll.
The gnoll is lightly wounded.
The gnoll misses you. The gnoll completely misses you.
You barely miss the gnoll.
The gnoll is moderately wounded.
The gnoll barely misses you. The gnoll hits you with a spear.
* * * LOW HITPOINT WARNING * * *
You barely miss the gnoll.
The gnoll is moderately wounded.
The gnoll closely misses you. The gnoll barely misses you.
You feel better. The gnoll misses you. x2
You hit the gnoll.
The gnoll looks as sick as possible!
The gnoll is severely wounded.
The gnoll hits you from afar with a spear.
* * * LOW HITPOINT WARNING * * *
The gnoll hits you with a spear!
You die...

.. ###### ..# # ....... ###..## #
.......#########....... +
..........#....#....... #
..........#....#g...... #
..........#...s#....... #
..........#....gg...... #
..........#'###################
#########'#......................
..........#......................
..........#......................
..........#......................
...########......................
...##.....#######.........)).....


You could see 2 gnolls.

Vanquished Creatures
  2 gnolls (D:4)
  2 adders
  3 worms
  2 dart slugs
  7 orcs
  3 giant cockroaches
  4 goblins
  4 hobgoblins
  4 jackals (D:1)
  2 ball pythons
  4 bats
  A frilled lizard (D:3)
  4 kobolds
  A quokka skeleton (D:4)
  11 rats
54 creatures vanquished.

Vanquished Creatures (collateral kills)
  Natasha (D:3)
  2 adders (D:3)
  A giant cockroach (D:3)
  A frilled lizard (D:3)
5 creatures vanquished.

Grand Total: 59 creatures vanquished

Notes
Turn   | Place    | Note
-------+----------+-------------------------------------------
     0 | D:1      | kae the Demonspawn Transmuter began the quest for the Orb.
     0 | D:1      | Reached XP level 1. HP: 15/15 MP: 3/3
   336 | D:1      | Gained mutation: Your flesh is heat resistant. (rF+) [demonic ancestry]
   336 | D:1      | Reached XP level 2. HP: 19/21 MP: 3/5
   395 | D:1      | Reached skill level 3 in Unarmed Combat
   856 | D:1      | Learned a level 2 spell: Sticks to Snakes
  1087 | D:2      | Gained mutation: You are immune to clouds of flame. [demonic ancestry]
  1087 | D:2      | Reached XP level 3. HP: 20/26 MP: 4/6
  1265 | D:2      | Found a white marble altar of Elyvilon.
  1283 | D:2      | Learned a level 3 spell: Spider Form
  1819 | D:2      | Found a sacrificial altar of Ru.
  2277 | D:3      | Noticed Natasha
  2287 | D:3      | Killed Natasha
  2287 | D:3      | Reached XP level 4. HP: 16/33 MP: 4/7
  3525 | D:3      | Found a sparkling altar of Nemelex Xobeh.
  4075 | D:4      | Found Icoijot's Jewellery Emporium.
  4083 | D:4      | Bought a cursed amulet of inaccuracy for 20 gold pieces
  4435 | D:4      | Gained mutation: When seriously injured, your bleeding wounds create armour. (AC +0) [demonic ancestry]
  4435 | D:4      | Reached XP level 5. HP: 38/38 MP: 6/9
  4444 | D:4      | HP: 1/38 [gnoll/spear (4)]
  4447 | D:4      | Slain by a gnoll

Vault maps used:
D:1:      shiori_arrival_maze
D:2:      lemuel_round_altar, overflow_temple_1_default
D:3:      bh_chokoban, minivault_24, grunt_ministairs_15,
          nemelex_spade_bored_becter, uniq_natasha
D:4:      serial_shops, shop, shop, first_ration, kennysheep_generic_room_10

Skill      XL: |  1  2  3  4 |
---------------+-------------+-----
Unarmed Combat | 3 |  3.9
Transmutations | 2 |  2.6
Fighting       | 2 |  2.2
Dodging        | |  1.7
Spellcasting   | |  2.7

Action                   |  1- 3 |  4- 6 || total
-------------------------+-------+-------++-------
Melee: Unarmed           |   118 |   109 ||   227
       Headbutt          |     8 |       ||     8
       Kick              |     1 |     5 ||     6
       Punch             |     1 |       ||     1
 Cast: Beastly Appendage |    14 |     3 ||    17
       Sticks to Snakes  |     3 |     5 ||     8
       Spider Form       |     1 |     3 ||     4
  Use: Scroll            |     3 |     5 ||     8
       Potion            |       |     1 ||     1
 Stab: Sleeping          |     2 |       ||     2
  Eat: Chunk             |     5 |     4 ||     9
       Ration            |       |     1 ||     1
Armor: Robe              |    27 |     9 ||    36
       Skin              |       |     1 ||     1
Dodge: Dodged            |    87 |    71 ||   158

Table legend:
 A = Spawn XP
 B = Non-spawn XP
 C = Spawn XP percentage of total XP
 D = Spawn monster count
 E = Non-spawn monster count
 F = Spawn count percentage of total count
 G = Total turns spent on level
                    A         B        C        D         E        F      G
               +---------+---------+-------+---------+---------+-------+---------
         Total |       0 |     206 |   0.0 |       0 |      59 |   0.0 |  4447
               +---------+---------+-------+---------+---------+-------+---------
           D:1 |       0 |      32 |   0.0 |       0 |      19 |   0.0 |  1291
           D:2 |       0 |      38 |   0.0 |       0 |      13 |   0.0 |   912
           D:3 |       0 |      91 |   0.0 |       0 |      19 |   0.0 |  1845
           D:4 |       0 |      45 |   0.0 |       0 |       8 |   0.0 |   399
               +---------+---------+-------+---------+---------+-------+---------
